 Dungeon Crawl Stone Soup version 0.31-a0-1005-gfbdfbac (webtiles) character file.

Game seed: 3619419211113345001

922 Partyfoot the Shield-Bearer (level 8, -4/70 HPs)
             Began as a Formicid Fighter on Nov 11, 2023.
             Slain by Edmund
             ... wielding a +2 heavy dire flail
              (12 damage)
             ... on level 5 of the Dungeon.
             The game lasted 00:11:05 (4545 turns).

Partyfoot the Shield-Bearer (Formicid Fighter)      Turns: 4545, Time: 00:11:06

Health: -4/70      AC: 11    Str: 22    XL:     8   Next: 31%
Magic:  8/8        EV: 10    Int:  7    God:
Gold:   168        SH:  6    Dex: 15    Spells: 7/7 levels left

rFire   . . .        a - +1 quarterstaff
rCold   . . .        c - +0 buckler
rNeg    . . .        b - +0 scale mail
rPois   .            (helmet unavailable)
rElec   .            (no cloak)
rCorr   .            (no gloves)
SInv    +            (no boots)
Will    .....        (no amulet)
Stlth   +            o - +4 ring of protection
HPRegen 0.31/turn    (no ring)
MPRegen 0.11/turn

%: no passive effects
@: mighty
A: permanent stasis, dig shafts and tunnels, antennae 3, four strong arms,
robust 1, sturdy frame 1
a: Dig, Shaft Self


You were on level 5 of the Dungeon.
You visited 1 branch of the dungeon, and saw 5 of its levels.

You collected 168 gold pieces.

Inventory:

Hand Weapons
 a - a +1 quarterstaff (weapon)
Missiles
 f - 4 boomerangs
Armour
 b - a +0 scale mail (worn)
 c - a +0 buckler (worn)
Jewellery
 o - a +4 ring of protection (left hand)
 t - an amulet of guardian spirit
Wands
 p - a wand of charming (6)
Scrolls
 g - a scroll of immolation
 j - 6 scrolls of identify
 l - 2 scrolls of noise
Potions
 e - 2 potions of mutation
 m - 2 potions of curing
 n - a potion of brilliance {unknown}
 s - a potion of resistance {unknown}
 x - a potion of berserk rage {unknown}


   Skills:
 + Level 5.9 Fighting
 + Level 4.8 Staves
 + Level 5.9 Armour
 + Level 7.0 Shields


You had 7 spell levels left.
You didn't know any spells.
Your spell library contained the following spells:

 Spells                   Type           Power      Damage    Failure   Level
 Summon Small Mammal      Summ           0%         N/A       67%         1
 Ensorcelled Hibernation  Hex/Ice        0%         N/A       82%         2
 Jinxbite                 Hex            0%         N/A       82%         2
 Lesser Beckoning         Tloc           0%         N/A       82%         2
 Call Canine Familiar     Summ           0%         N/A       96%         3
 Gell's Gravitas          Tloc           0%         N/A       96%         3
 Ignite Poison            Fire/Tmut/Pois 0%         N/A       96%         3
 Summon Guardian Golem    Hex/Summ       0%         N/A       96%         3
 Teleport Other           Tloc           0%         N/A       96%         3
 Anguish                  Hex/Necr       0%         N/A       100%        4
 Sticky Flame             Conj/Fire      0%         2d3       100%        4
 Ignition                 Fire           0%         3d3       100%        8


Dungeon Overview and Level Annotations

Branches:
Dungeon (5/15)
 Temple: D:4-7

Altars:
Cheibriados
Hepliaklqana
Makhleb
Trog

Shops:
D:4 ?

Annotations:
D:3 2 transporters
D:5 Duvessa, Edmund, Menkaure


Innate Abilities, Weirdness & Mutations

You cannot be hasted, slowed, berserked, paralysed or teleported.
You can dig through walls and to a lower floor.
You have a pair of large antennae on your head. (SInv)
Your four strong arms can wield two-handed weapons with a shield.
You are robust. (+10% HP)
Your movements are slightly less encumbered by armour. (ER -2)


Message History

The phantom hits you.
You feel very mighty all of a sudden. You block Edmund's attack.
The phantom closely misses you. The hound closely misses you.
The phantom attacks as it pursues you! The phantom misses you.
The hound bites you but does no damage.
You sock the hound!
The hound is heavily wounded.
The hound barely misses you.
You closely miss the hound.
The hound is heavily wounded.
The hound bites you. The hound barely misses you.
You hit the hound.
The hound is almost dead.
The hound bites you but does no damage. x2
You barely miss the hound.
The hound is almost dead.
The hound bites you.
You barely miss the hound.
The hound is almost dead.
The hound misses you. The hound barely misses you.
You barely miss the hound.
The hound is almost dead.
You block the hound's attack.
You sock the hound!
You kill the hound!
You barely miss Edmund.
Edmund is heavily wounded.
You block Edmund's attack.
You completely miss Edmund.
Edmund is heavily wounded.
Edmund hits you with a +2 heavy dire flail!
* * * LOW HITPOINT WARNING * * *
You barely miss Edmund.
Edmund is heavily wounded.
You thump Edmund!
Edmund is heavily wounded.
Edmund hits you with a +2 heavy dire flail!
You die...
Edmund says, "I'd like to see a scythe do that!"

##... #####.... ###
##........ #.#
#####..###....
###.###.....##......
#.........♣.#..♣.#..
###.........#.♣..#..
###....####...##.#
#@@W..##...####..#
###.#.#..♣.# ...
###.#.♣..#.♣ {{{
##.....##...
###....###...#
#..........#.
##..##.........
#...#......{...
##))#..........


You could see Edmund and a phantom.

Vanquished Creatures
  An ice beast (D:3)
  2 ogres (D:5)
  A centaur (D:5)
  2 scorpions (D:5)
  3 hounds (D:5)
  A jelly (D:5)
  A sleepcap (D:5)
  An orc priest (D:5)
  Terence (D:3)
  An iguana (D:5)
  7 gnolls
  8 adders
  A worm (D:2)
  A dart slug (D:3)
  7 orcs
  12 bats
  3 endoplasms
  3 giant cockroaches
  4 goblins
  5 hobgoblins
  8 jackals
  4 quokkas
  5 ball pythons
  5 frilled lizards
  11 kobolds
  6 rats
104 creatures vanquished.

Notes
Turn   | Place    | Note
-------+----------+-------------------------------------------
     0 | D:1      | Partyfoot the Formicid Fighter began the quest for the Orb.
     0 | D:1      | Reached XP level 1. HP: 18/18 MP: 1/1
   273 | D:1      | Reached XP level 2. HP: 22/24 MP: 2/2
   657 | D:1      | Reached XP level 3. HP: 24/29 MP: 3/3
  1398 | D:2      | Found a faded altar of an unknown god.
  1461 | D:3      | Found a transporter.
  1464 | D:3      | Noticed an ogre
  1465 | D:3      | Noticed a sky beast
  1478 | D:3      | Noticed Terence
  1481 | D:3      | Reached XP level 4. HP: 37/37 MP: 4/4
  1498 | D:3      | Killed Terence
  1499 | D:3      | Found a bloodstained altar of Trog.
  1540 | D:3      | Reached XP level 5. HP: 13/42 MP: 5/5
  1603 | D:3      | Reached skill level 5 in Shields
  1698 | D:3      | Noticed an ice beast
  1708 | D:3      | Killed an ice beast
  1709 | D:3      | Reached XP level 6. HP: 49/49 MP: 6/6
  1829 | D:3      | Found a transporter.
  1935 | D:3      | Found a snail-covered altar of Cheibriados.
  1960 | D:3      | Found a burning altar of Makhleb.
  2529 | D:4      | Found Ypsaefit's Magic Scroll Shoppe.
  2947 | D:4      | Found a hazy altar of Hepliaklqana.
  3280 | D:5      | Entered Level 5 of the Dungeon
  3280 | D:5      | Noticed Menkaure
  3359 | D:5      | Reached XP level 7. HP: 32/55 MP: 7/7
  3360 | D:5      | Reached skill level 5 in Fighting
  3449 | D:5      | Reached skill level 5 in Armour
  3460 | D:5      | Reached skill level 6 in Shields
  3640 | D:5      | HP: 1/56 [iguana (8)]
  3994 | D:5      | Noticed Edmund
  3995 | D:5      | Noticed Duvessa
  4155 | D:5      | Gained mutation: Your movements are slightly less
                  | encumbered by armour. (ER -2) [potion of mutation]
  4155 | D:5      | Gained mutation: You are robust. (+10% HP) [potion of
                  | mutation]
  4227 | D:5      | Reached XP level 8. HP: 29/70 MP: 8/8
  4449 | D:5      | Reached skill level 7 in Shields
  4545 | D:5      | Slain by Edmund

Illustrated notes

Levels and vault maps discovered:
D:1:      nzn_arrival_settlement, layout_basic, hangedman_decor_slide_cut
D:2:      layout_rooms, hellmonk_ecumenical_altar_defaced_shrine
D:3:      layout_basic, gammafunk_temple_overflow_arena,
          mainiacjoe_overflow_catwalk_spiral, minmay_fractal_squares_diagonal_5,
          uniq_terence
D:4:      layout_loops_ring, worldfamousw_hep_ancestral_shrine, serial_shops,
          shop
D:5:      layout_cave_pools, lemuel_doored_altar, mainiacjoe_overflow_brackets,
          minmay_bent, uniq_duvessa, uniq_menkaure, uniq_edmund

Skill      XL: |  1  2  3  4  5  6  7  8 |
---------------+-------------------------+-----
Fighting       | 4 5 |  5.9
Armour         | 4 5 |  5.9
Shields        | 5 6 7 |  7.0
Staves         | 3 4 |  4.8

Action                     |  1- 3 |  4- 6 |  7- 9 || total
---------------------------+-------+-------+-------++-------
  Melee: Quarterstaff      |   109 |   185 |   114 ||   408
    Use: Scroll            |       |       |    12 ||    12
         Potion            |       |       |     3 ||     3
 Armour: Scale mail        |    81 |   180 |    95 ||   356
  Dodge: Dodged            |    59 |   114 |    55 ||   228
  Block: Buckler           |    25 |    82 |    38 ||   145

Table legend: (Time is in decaauts)
 A = Elapsed time spent in this place.
 B = Non-inter-level travel time spent in this place.
 C = Inter-level travel time spent in this place.
 D = Time resting spent in this place.
 E = Time spent auto-exploring this place.
 F = Levels seen in this place.
 G = Mean time per level.
                   A        B        C        D        E       F      G
               +--------+--------+--------+--------+--------+-----+--------+
         Total |   4615 |   4185 |    430 |    854 |   2425 |   5 |  923.0 |
       Dungeon |   4615 |   4185 |    430 |    854 |   2425 |   5 |  923.0 |
               +--------+--------+--------+--------+--------+-----+--------+

Top non-repeatable levels by time:
     D:4: 1483 daAuts
     D:1: 1006 daAuts
     D:3: 950 daAuts
     D:5: 728 daAuts
     D:2: 446 daAuts
